EVO
UNIVERSITY OF SOUTH CAROLINA GAMECOCKS @ UNIVERSITY OF ARIZONA WILDCATS
10/02/2047
 
TOP OF THE 1ST
University of South Carolina Gamecocks batting - Pitching for University of Arizona Wildcats : LHP Jamal Jeter
Pitching: LHP Jamal Jeter
Batting: LHB Chris McNay 0-0: Called Strike
0-1: SOLO HOME RUN (Flyball, 78XD, EV 100.0 MPH), Distance : 404 ft
Batting: LHB Bert Webster 0-0: Foul Ball, location: 2F
0-1: Ground out 1-3 (Groundball, 13S, EV 64.4 MPH)
Batting: SHB Keith Mihas 0-0: DOUBLE (Flyball, 8LXD, EV 110.6 MPH)
Batting: RHB Brian Passalacqua 0-0: Called Strike
0-1: Ball
1-1: Swinging Strike
1-2: Ball
2-2: Fly out, F9 (Flyball, 9, EV 95.0 MPH)
Batting: RHB Phil Hanley 0-0: Called Strike
0-1: Ball
1-1: Foul Ball, location: 2F
1-2: Foul Ball, location: 2F
1-2: Fly out, F9 (Flyball, 9LM, EV 91.2 MPH)
Top of the 1st over - 1 run, 2 hits, 0 errors, 1 left on base; University of South Carolina 1 - University of Arizona 0
BOTTOM OF THE 1ST
University of Arizona Wildcats batting - Pitching for University of South Carolina Gamecocks : RHP Fidel Alonso
Pitching: RHP Fidel Alonso
Batting: LHB Pascal Noël 0-0: Called Strike
0-1: Ball
1-1: Ball
2-1: Ball
3-1: Foul Ball, location: 2F
3-2: Foul Ball, location: 2F
3-2: Base on Balls
Batting: LHB Jere Paatelainen 0-0: Ball
1-0: Ball
2-0: Foul Ball, location: 2F
2-1: Fielders Choice at 2nd, 1-6 (Groundball, P, EV 68.1 MPH)
Batting: RHB Dan Doggett 0-0: Ball
1-0: Called Strike
1-1: Ball
2-1: SINGLE (Groundball, 34D, EV 98.1 MPH)
Jere Paatelainen to second
Runner from 2nd tries for 3rd, SAFE, no throw by RF
Batting: RHB Ricardo Fernandez 0-0: Called Strike
0-1: Ball
1-1: Swinging Strike
1-2: Strikes out swinging
Batting: RHB Steve Carmichael 0-0: Called Strike
0-1: Ball
1-1: Foul Ball, location: 2F
1-2: Fielders Choice at 2nd, 6-4 (Groundball, 6, EV 87.5 MPH)
Bottom of the 1st over - 0 runs, 1 hit, 0 errors, 2 left on base; University of South Carolina 1 - University of Arizona 0
TOP OF THE 2ND
University of South Carolina Gamecocks batting - Pitching for University of Arizona Wildcats : LHP Jamal Jeter
Batting: RHB Jeff Swanson 0-0: Foul Ball, location: 2F
0-1: Ball
1-1: Foul Ball, location: 2F
1-2: Foul Ball, location: 2F
1-2: Ball
2-2: Ball
3-2: Ground out U3 (Groundball, 34S, EV 88.1 MPH)
Batting: RHB Ben Turner 0-0: Ball
1-0: Ground out 1-3 (Groundball, 13S, EV 66.9 MPH)
Batting: LHB David Fowler 0-0: Ball
1-0: Swinging Strike
1-1: SINGLE (Line Drive, 56D, EV 93.8 MPH)
Batting: LHB Jörg Young 0-0: Fielders Choice at 2nd, U4 (Groundball, 4M, EV 77.5 MPH)
Top of the 2nd over - 0 runs, 1 hit, 0 errors, 1 left on base; University of South Carolina 1 - University of Arizona 0
BOTTOM OF THE 2ND
University of Arizona Wildcats batting - Pitching for University of South Carolina Gamecocks : RHP Fidel Alonso
Batting: RHB Eddy Amaya 0-0: Foul Ball, location: 2F
0-1: Called Strike
0-2: Strikes out swinging
Batting: LHB Andrew Davis 0-0: Bunt for hit to 2R - play at first, batter OUT! 2-3
Batting: RHB Manny Corral 0-0: Ball
1-0: Called Strike
1-1: Swinging Strike
1-2: Foul Ball, location: 2F
1-2: Ground out U3 (Groundball, 34, EV 80.0 MPH)
Bottom of the 2nd over - 0 runs, 0 hits, 0 errors, 0 left on base; University of South Carolina 1 - University of Arizona 0
TOP OF THE 3RD
University of South Carolina Gamecocks batting - Pitching for University of Arizona Wildcats : LHP Jamal Jeter
Batting: LHB Chris McNay 0-0: Ball
1-0: Ball
2-0: Ball
3-0: Fly out, F7 (Flyball, 78S, EV 86.2 MPH)
Batting: LHB Bert Webster 0-0: Called Strike
0-1: Ball
1-1: Ball
2-1: Foul Ball, location: 2F
2-2: SINGLE (Line Drive, 4D, EV 97.5 MPH)
Batting: SHB Keith Mihas 0-0: Ball
1-0: Ball
2-0: 2-RUN HOME RUN (Flyball, 9D, EV 98.1 MPH), Distance : 364 ft
Batting: RHB Brian Passalacqua 0-0: Ball
1-0: Foul Ball, location: 2F
1-1: Ball
2-1: Swinging Strike
2-2: Strikes out swinging
Batting: RHB Phil Hanley 0-0: Foul Ball, location: 2F
0-1: Ball
1-1: Foul Ball, location: 2F
1-2: Strikes out swinging
Top of the 3rd over - 2 runs, 2 hits, 0 errors, 0 left on base; University of South Carolina 3 - University of Arizona 0
BOTTOM OF THE 3RD
University of Arizona Wildcats batting - Pitching for University of South Carolina Gamecocks : RHP Fidel Alonso
Batting: LHB Lihau Keawe 0-0: Ball
1-0: Ball
2-0: Called Strike
2-1: Foul Ball, location: 2F
2-2: Foul Ball, location: 2F
2-2: Ground out 6-3 (Groundball, 6, EV 86.9 MPH)
Batting: LHB Pascal Noël 0-0: Ball
1-0: Ball
2-0: Called Strike
2-1: Fly out, F8 (Line Drive, 8LM, EV 85.0 MPH)
Batting: LHB Jere Paatelainen 0-0: Ball
1-0: Called Strike
1-1: Fly out, F4 (Flyball, 34D, EV 88.8 MPH)
Bottom of the 3rd over - 0 runs, 0 hits, 0 errors, 0 left on base; University of South Carolina 3 - University of Arizona 0
TOP OF THE 4TH
University of South Carolina Gamecocks batting - Pitching for University of Arizona Wildcats : LHP Jamal Jeter
Batting: RHB Jeff Swanson 0-0: Ball
1-0: Called Strike
1-1: Called Strike
1-2: Strikes out swinging
Batting: RHB Ben Turner 0-0: Ball
1-0: DOUBLE (Flyball, 78D, EV 100.6 MPH)
Batting: LHB David Fowler 0-0: Called Strike
0-1: Foul Ball, location: 2F
0-2: Ball
1-2: Foul Ball, location: 2F
1-2: Strikes out swinging
Batting: LHB Jörg Young 0-0: Swinging Strike
0-1: Swinging Strike
0-2: Foul Ball, location: 2F
0-2: Ball
1-2: Strikes out swinging
Top of the 4th over - 0 runs, 1 hit, 0 errors, 1 left on base; University of South Carolina 3 - University of Arizona 0
BOTTOM OF THE 4TH
University of Arizona Wildcats batting - Pitching for University of South Carolina Gamecocks : RHP Fidel Alonso
Batting: RHB Dan Doggett 0-0: Foul Ball, location: 2F
0-1: Ball
1-1: Foul Ball, location: 2F
1-2: Strikes out swinging
Batting: RHB Ricardo Fernandez 0-0: Ball
1-0: Ball
2-0: SINGLE (Groundball, 6D, EV 106.2 MPH)
Batting: RHB Steve Carmichael 0-0: SINGLE (Flyball, 4D, EV 88.8 MPH)
Ricardo Fernandez to second
Batting: RHB Eddy Amaya 0-0: Reached on error, E5 (Groundball, 56, EV 107.5 MPH)
Ricardo Fernandez to third
Steve Carmichael to second
Batting: LHB Andrew Davis 0-0: Ball
Wild Pitch!
Ricardo Fernandez scores
Steve Carmichael to third
Eddy Amaya to second
1-0: Fly out, F8 (Flyball, 8LM, EV 85.6 MPH)
Runner from 3rd tags up, SCORES, throw by CF
Batting: RHB Manny Corral 0-0: Ball
1-0: Foul Ball, location: 2F
1-1: Foul Ball, location: 2F
1-2: Foul Ball, location: 2F
1-2: Ball
2-2: Strikes out swinging
Bottom of the 4th over - 2 runs, 2 hits, 1 error, 1 left on base; University of South Carolina 3 - University of Arizona 2
TOP OF THE 5TH
University of South Carolina Gamecocks batting - Pitching for University of Arizona Wildcats : LHP Jamal Jeter
Batting: LHB Chris McNay 0-0: Ball
1-0: Ball
2-0: Foul Ball, location: 2F
2-1: Swinging Strike
2-2: Foul Ball, location: 2F
2-2: Ball
3-2: Foul Ball, location: 2F
3-2: Fly out, F9 (Flyball, 9, EV 84.4 MPH)
Batting: LHB Bert Webster 0-0: DOUBLE (Line Drive, 9LS, EV 104.4 MPH)
Batting: SHB Keith Mihas 0-0: Called Strike
0-1: Ball
1-1: Foul Ball, location: 2F
1-2: SINGLE (Flyball, 4D, EV 90.6 MPH)
Bert Webster to third
Batting: RHB Brian Passalacqua 0-0: Ball
1-0: Ball
2-0: Foul Ball, location: 2F
2-1: Ball
3-1: Base on Balls
Keith Mihas to second
Pitching: RHP Rogelio Chavez
Batting: RHB Phil Hanley 0-0: Ball
1-0: Ball
2-0: Swinging Strike
2-1: Ball
3-1: Foul Ball, location: 2F
3-2: Fly out, F9 (Flyball, 9, EV 91.9 MPH)
Runner from 3rd tags up, SCORES, throw by RF
Keith Mihas to third
Batting: RHB Jeff Swanson 0-0: Called Strike
0-1: DOUBLE (Line Drive, 7LM, EV 90.0 MPH)
Keith Mihas scores
Brian Passalacqua to third
Batting: RHB Ben Turner 0-0: Called Strike
0-1: Ball
1-1: Swinging Strike
1-2: Foul Ball, location: 2F
1-2: Strikes out swinging
Top of the 5th over - 2 runs, 3 hits, 0 errors, 2 left on base; University of South Carolina 5 - University of Arizona 2
BOTTOM OF THE 5TH
University of Arizona Wildcats batting - Pitching for University of South Carolina Gamecocks : RHP Fidel Alonso
Batting: LHB Lihau Keawe 0-0: Foul Ball, location: 2F
0-1: DOUBLE (Line Drive, 7LS, EV 93.1 MPH)
Batting: LHB Pascal Noël 0-0: Ball
1-0: Foul Ball, location: 2F
1-1: Ball
2-1: Ball
3-1: Base on Balls
Batting: LHB Jere Paatelainen 0-0: Ball
1-0: Sac Bunt to P - play at first, batter OUT! 1-4
Lihau Keawe to third
Pascal Noël to second
Batting: RHB Dan Doggett 0-0: Ball
1-0: Ball
2-0: Called Strike
2-1: Foul Ball, location: 2F
2-2: Foul Ball, location: 2F
2-2: Foul Ball, location: 2F
2-2: Ball
3-2: Fly out, F9 (Flyball, 9S, EV 93.1 MPH)
Batting: RHB Ricardo Fernandez 0-0: Called Strike
0-1: Ball
1-1: DOUBLE (Line Drive, 3D, EV 99.4 MPH)
Lihau Keawe scores
Pascal Noël scores
Pitching: RHP Scott Arthur
Batting: RHB Steve Carmichael 0-0: Fly out, F7 (Flyball, 7D, EV 98.1 MPH)
Bottom of the 5th over - 2 runs, 2 hits, 0 errors, 1 left on base; University of South Carolina 5 - University of Arizona 4
TOP OF THE 6TH
University of South Carolina Gamecocks batting - Pitching for University of Arizona Wildcats : RHP Rogelio Chavez
Batting: LHB David Fowler 0-0: Ball
1-0: Ball
2-0: Called Strike
2-1: Ball
3-1: Swinging Strike
3-2: Foul Ball, location: 2F
3-2: Foul Ball, location: 2F
3-2: Base on Balls
Batting: LHB Jörg Young 0-0: Ball
1-0: Sac Bunt to 3S - play at first, batter OUT! 3-4
David Fowler to second
Batting: LHB Chris McNay 0-0: Fly out, F6 (Popup, 6, EV 66.9 MPH)
Batting: LHB Bert Webster 0-0: Ball
1-0: Foul Ball, location: 2F
1-1: Ball
2-1: Ball
3-1: Called Strike
3-2: Ground out 4-3 (Groundball, 4, EV 107.5 MPH)
Top of the 6th over - 0 runs, 0 hits, 0 errors, 1 left on base; University of South Carolina 5 - University of Arizona 4
BOTTOM OF THE 6TH
University of Arizona Wildcats batting - Pitching for University of South Carolina Gamecocks : RHP Scott Arthur
Batting: RHB Eddy Amaya 0-0: Called Strike
0-1: Foul Ball, location: 2F
0-2: Strikes out looking
Batting: LHB Andrew Davis 0-0: Ground out 3-1 (Groundball, 34S, EV 81.9 MPH)
Batting: RHB Manny Corral 0-0: Foul Ball, location: 2F
0-1: Swinging Strike
0-2: Strikes out swinging
Bottom of the 6th over - 0 runs, 0 hits, 0 errors, 0 left on base; University of South Carolina 5 - University of Arizona 4
TOP OF THE 7TH
University of South Carolina Gamecocks batting - Pitching for University of Arizona Wildcats : RHP Rogelio Chavez
Pitching: RHP Jimmy Serna
Batting: SHB Keith Mihas 0-0: Foul Ball, location: 2F
0-1: Ball
1-1: Foul Ball, location: 2F
1-2: Ground out 4-3 (Groundball, 34D, EV 102.5 MPH)
Batting: RHB Brian Passalacqua 0-0: Foul Ball, location: 2F
0-1: Called Strike
0-2: Ball
1-2: Foul Ball, location: 2F
1-2: Ball
2-2: Ground out 5-3 (Groundball, 56, EV 82.5 MPH)
Batting: RHB Phil Hanley 0-0: Ball
1-0: Foul Ball, location: 2F
1-1: Called Strike
1-2: Ball
2-2: Strikes out swinging
Top of the 7th over - 0 runs, 0 hits, 0 errors, 0 left on base; University of South Carolina 5 - University of Arizona 4
BOTTOM OF THE 7TH
University of Arizona Wildcats batting - Pitching for University of South Carolina Gamecocks : RHP Scott Arthur
Batting: LHB Lihau Keawe 0-0: Ball
1-0: Ball
2-0: SINGLE (Line Drive, 6D, EV 101.9 MPH)
Batting: LHB Pascal Noël 0-0: Called Strike
0-1: Sac Bunt to 2R - play at second, runner OUT! 2-6
Batting: LHB Jere Paatelainen 0-0: Fielders Choice at 2nd, 4-6 (Groundball, 4, EV 105.0 MPH)
Batting: RHB Dan Doggett 0-0: Ball
1-0: Called Strike
1-1: DOUBLE (Groundball, 5L, EV 101.9 MPH)
Jere Paatelainen to third
Runner from 3rd tries for Home, SAFE, throw by LF to home
Batting: RHB Ricardo Fernandez 0-0: DOUBLE (Flyball, 78D, EV 103.1 MPH)
Dan Doggett scores
Pitching: RHP Bob Conway
Batting: RHB Steve Carmichael 0-0: Foul Ball, location: 2F
0-1: Foul Ball, location: 2F
0-2: Foul Ball, location: 2F
0-2: Foul Ball, location: 2F
0-2: Fly out, F7 (Flyball, 78S, EV 82.5 MPH)
Bottom of the 7th over - 2 runs, 3 hits, 0 errors, 1 left on base; University of South Carolina 5 - University of Arizona 6
TOP OF THE 8TH
University of South Carolina Gamecocks batting - Pitching for University of Arizona Wildcats : RHP Jimmy Serna
Batting: RHB Jeff Swanson 0-0: Ground out 4-3 (Groundball, 34, EV 103.8 MPH)
Batting: RHB Ben Turner 0-0: Called Strike
0-1: Ball
1-1: SINGLE (Groundball, 5S, EV 70.0 MPH) (infield hit)
Batting: LHB David Fowler 0-0: Ball
1-0: Ball
Wild Pitch!
Ben Turner to second
2-0: Ball
3-0: Base on Balls
Batting: LHB Jörg Young 0-0: Bunt - Flyout to 25! F5
Batting: LHB Chris McNay 0-0: Ball
1-0: Ball
2-0: Foul Ball, location: 2F
2-1: Swinging Strike
2-2: Ball
3-2: Ground out 5-3 (Groundball, 56, EV 105.6 MPH)
Top of the 8th over - 0 runs, 1 hit, 0 errors, 2 left on base; University of South Carolina 5 - University of Arizona 6
BOTTOM OF THE 8TH
University of Arizona Wildcats batting - Pitching for University of South Carolina Gamecocks : RHP Bob Conway
Pitching: RHP Jop van Grootveld
Batting: RHB Eddy Amaya 0-0: Ground out U3 (Groundball, 3S, EV 89.4 MPH)
Batting: LHB Andrew Davis 0-0: Called Strike
0-1: Swinging Strike
0-2: Foul Ball, location: 2F
0-2: Ball
1-2: Ball
2-2: Ground out 5-3 (Groundball, 56, EV 78.8 MPH)
Batting: RHB Manny Corral 0-0: Ground out 6-3 (Groundball, 6, EV 94.4 MPH)
Bottom of the 8th over - 0 runs, 0 hits, 0 errors, 0 left on base; University of South Carolina 5 - University of Arizona 6
TOP OF THE 9TH
University of South Carolina Gamecocks batting - Pitching for University of Arizona Wildcats : RHP Jimmy Serna
Pitching: RHP Brendan Malzone
Batting: LHB Bert Webster 0-0: Ball
1-0: Ball
2-0: Ball
3-0: Called Strike
3-1: Fly out, F8 (Flyball, 8RM, EV 86.2 MPH)
Batting: SHB Keith Mihas 0-0: Called Strike
0-1: Ball
1-1: Swinging Strike
1-2: Foul Ball, location: 2F
1-2: Strikes out swinging
Batting: RHB Brian Passalacqua 0-0: Called Strike
0-1: Called Strike
0-2: Ball
1-2: Ball
2-2: Ground out 6-3 (Groundball, 6, EV 100.0 MPH)
Top of the 9th over - 0 runs, 0 hits, 0 errors, 0 left on base; University of South Carolina 5 - University of Arizona 6
Thursday, December 15th , 2022 - OOTP Baseball 23.9 Build 102